 Dungeon Sprint DCSS version 0.28-a0-1236-gb25a51b929 (webtiles) character file.

Game seed: 18033219262759919760

2727 rocky1 the Impaler (level 9, -24/89 HPs)
             Began as a Minotaur Gladiator on Dec 26, 2021.
             Was an Elder of Okawaru.
             Killed from afar by a war gargoyle (28 damage)
             ... with a spray of metal splinters
             ... in the Dungeon (Sprint VII: "The Pits").
             The game lasted 00:08:46 (1915 turns).

rocky1 the Impaler (Minotaur Gladiator)             Turns: 1915, Time: 00:08:47

Health: -24/89     AC: 21    Str: 21    XL:     9   Next: 40%
Magic:  12/12      EV: 12    Int:  7    God:    Okawaru [****..]
Gold:   0          SH:  0    Dex: 15    Spells: 8/8 levels left

rFire   . . .      SeeInvis .   w - +2 halberd (venom)
rCold   . . .      Faith    .   (shield currently unavailable)
rNeg    . . .      Spirit   .   u - +4 chain mail
rPois   .          Reflect  .   c - +0 hat
rElec   .          Harm     .   s - +0 cloak
rCorr   .          Rampage  .   (no gloves)
Will    .....      NoTele   +   t - +0 pair of boots
Stlth   ..........              (no amulet)
HPRegen 0.24/turn               n - +3 ring of protection
MPRegen 0.13/turn               p - +3 ring of dexterity

@: no status effects
A: horns 2, retaliatory headbutt
a: Renounce Religion, Heroism, Finesse


You were in the Dungeon.
You worshipped Okawaru.
Okawaru was greatly pleased with you.
You visited 1 branch

Inventory:

Hand Weapons
 a - a +2 scimitar of holy wrath
 b - a +0 long sword of flaming
 m - a +1 quarterstaff of speed
 v - a +0 lajatang
 w - a +2 halberd of venom (weapon)
 x - a +1 vorpal broad axe
 y - a +2 morningstar of protection
Missiles
 d - 2 throwing nets (quivered)
 i - 4 poisoned darts
Armour
 c - a +0 hat (worn)
 s - a +0 cloak (worn)
 t - a +0 pair of boots (worn)
 u - a +4 chain mail (worn)
Jewellery
 n - a +3 ring of protection (left hand)
 p - a +3 ring of dexterity (right hand)
Scrolls
 j - a scroll of blinking
 l - 5 scrolls of amnesia
Potions
 e - 8 potions of curing
 f - 12 potions of heal wounds
 g - a potion of haste
 h - 4 potions of magic
 k - 2 potions of invisibility
 q - a potion of resistance
 r - a potion of mutation


   Skills:
 + Level 11.1 Fighting
 + Level 16.9 Polearms
 - Level 2.0 Throwing
 + Level 10.7 Armour
 + Level 10.5 Dodging
 - Level 6.0 Invocations


You had 8 spell levels left.
You didn't know any spells.
Your spell library was empty.

Dungeon Overview and Level Annotations

Branches:
Dungeon (1/1)

Altars:
Ashenzari
Cheibriados
Dithmenos
Elyvilon
Fedhas
Gozag
Hepliaklqana
Kikubaaqudgha
Makhleb
Nemelex Xobeh
Okawaru
Qazlal
Ru
Sif Muna
Trog
Uskayaw
Vehumet
Wu Jian
Xom
Yredelemnul
Zin
The Shining One
Beogh
Jiyva
Lugonu


Innate Abilities, Weirdness & Mutations

You have a pair of horns on your head.
You reflexively headbutt those who attack you in melee.


Message History

The war gargoyle launches metal splinters at you.
The spray of metal splinters hits you!
You hit the war gargoyle but do no damage.
You headbutt the war gargoyle, but do no damage.
The war gargoyle is lightly damaged.
The war gargoyle hits you but does no damage.
You hit the war gargoyle but do no damage.
You headbutt the war gargoyle, but do no damage.
The war gargoyle is lightly damaged.
You completely miss the war gargoyle.
The war gargoyle is lightly damaged.
The war gargoyle launches metal splinters at you.
The spray of metal splinters misses you.
You hit the war gargoyle but do no damage.
You headbutt the war gargoyle, but do no damage.
The war gargoyle is lightly damaged.
The war gargoyle hits you with a +0 morningstar.
You hit the war gargoyle but do no damage.
The war gargoyle is lightly damaged.
The war gargoyle hits you with a +0 morningstar!
You slash the war gargoyle!
The war gargoyle is moderately damaged.
The war gargoyle hits you with a +0 morningstar!
You hit the war gargoyle but do no damage.
The war gargoyle is moderately damaged.
The war gargoyle hits you but does no damage.
You hit the war gargoyle.
The war gargoyle is moderately damaged.
The war gargoyle hits you with a +0 morningstar!
* * * LOW HITPOINT WARNING * * *
You slash the war gargoyle!
You headbutt the war gargoyle, but do no damage.
The war gargoyle is heavily damaged.
The war gargoyle hits you with a +0 morningstar!
* * * LOW HITPOINT WARNING * * *
You barely miss the war gargoyle.
The war gargoyle is heavily damaged.
The war gargoyle launches metal splinters at you.
The spray of metal splinters hits you!!
You die...

#++##########
#.....9......
#....@.......
#..##########
#..# #..# ###
#..# ..# #..#
..# #..# ..#
#..#
..##########..#


You could see a war gargoyle (catching breath).

Vanquished Creatures
  A spriggan druid (D)
  An ice devil (D)
  A hellwing (D)
  A polar bear (D)
  A troll (D)
  A snapping turtle (D)
  A large abomination (D)
  A ynoxinul (D)
  A black bear (D)
  An ice beast (D)
  An orc warrior (D)
  A centaur (D)
  A kobold brigand (D)
  4 scorpions (D)
  A crimson imp (D)
  A hound (D)
  An iron imp (D)
  2 orc priests (D)
  A mummy (D)
  A white imp (D)
  An ufetubus (D)
  3 worms (D)
  A ball python (D)
  2 giant cockroaches (D)
  A goblin (D)
  A hobgoblin (D)
  2 quokkas (D)
  A bat (D)
  A frilled lizard (D)
  2 rats (D)
39 creatures vanquished.

Notes
Turn   | Place    | Note
-------+----------+-------------------------------------------
     0 | D        | rocky1 the Minotaur Gladiator began the quest for the Orb.
     0 | D        | Reached XP level 1. HP: 18/18 MP: 0/0
    11 | D        | Noticed a scorpion
    15 | D        | Killed a scorpion
    16 | D        | Reached skill level 9 in Polearms
    16 | D        | Reached XP level 2. HP: 25/25 MP: 1/1
    16 | D        | Reached XP level 3. HP: 30/30 MP: 2/2
    54 | D        | Found a bloodstained altar of Trog.
    54 | D        | Found a shimmering blue altar of Sif Muna.
    54 | D        | Found a viscous altar of Jiyva.
    54 | D        | Found a hazy altar of Hepliaklqana.
    54 | D        | Found an opulent altar of Gozag.
    55 | D        | Found a glowing golden altar of the Shining One.
    55 | D        | Found a glowing silver altar of Zin.
    55 | D        | Found a basalt altar of Yredelemnul.
    55 | D        | Found a shimmering altar of Xom.
    55 | D        | Found an ornate altar of the Wu Jian Council.
    55 | D        | Found a sacrificial altar of Ru.
    55 | D        | Found a stormy altar of Qazlal.
    55 | D        | Found an iron altar of Okawaru.
    55 | D        | Found a sparkling altar of Nemelex Xobeh.
    55 | D        | Found a burning altar of Makhleb.
    55 | D        | Found a blossoming altar of Fedhas.
    55 | D        | Found a white marble altar of Elyvilon.
    55 | D        | Found a shadowy altar of Dithmenos.
    55 | D        | Found a snail-covered altar of Cheibriados.
    57 | D        | Found a radiant altar of Vehumet.
    57 | D        | Found a corrupted altar of Lugonu.
    58 | D        | Found a hide-covered altar of Uskayaw.
    58 | D        | Found an ancient bone altar of Kikubaaqudgha.
    58 | D        | Found a broken altar of Ashenzari.
    63 | D        | Became a worshipper of Warmaster Okawaru
    83 | D        | Noticed a scorpion
    83 | D        | Noticed a scorpion
    87 | D        | Killed a scorpion
    88 | D        | Reached skill level 11 in Polearms
    88 | D        | Reached XP level 4. HP: 37/37 MP: 3/3
    90 | D        | Killed a scorpion
    91 | D        | Reached skill level 13 in Polearms
    91 | D        | Reached XP level 5. HP: 42/42 MP: 4/4
   468 | D        | Noticed a black bear
   469 | D        | Noticed an ice beast
   481 | D        | Reached * piety under Okawaru
   482 | D        | Reached skill level 1 in Invocations
   488 | D        | Killed a black bear
   489 | D        | Reached skill level 14 in Polearms
   489 | D        | Reached skill level 5 in Dodging
   489 | D        | Reached XP level 6. HP: 53/53 MP: 4/7
   496 | D        | Killed an ice beast
   497 | D        | Reached skill level 5 in Fighting
   745 | D        | Noticed a troll
   750 | D        | Killed a troll
   750 | D        | Reached ** piety under Okawaru
   751 | D        | Reached skill level 5 in Armour
   751 | D        | Reached XP level 7. HP: 64/64 MP: 5/9
   756 | D        | Reached skill level 5 in Invocations
  1021 | D        | Noticed a snapping turtle
  1044 | D        | Reached skill level 15 in Polearms
  1052 | D        | Killed a snapping turtle
  1053 | D        | Reached XP level 8. HP: 27/74 MP: 11/11
  1286 | D        | Noticed a polar bear
  1300 | D        | Killed a polar bear
  1300 | D        | Reached *** piety under Okawaru
  1525 | D        | Noticed an ice devil
  1538 | D        | Killed an ice devil
  1539 | D        | Reached skill level 16 in Polearms
  1539 | D        | Noticed a hellwing
  1550 | D        | Killed a hellwing
  1559 | D        | Noticed a spriggan druid
  1559 | D        | Noticed a large abomination
  1570 | D        | Killed a large abomination
  1570 | D        | Reached **** piety under Okawaru
  1571 | D        | Reached skill level 10 in Fighting
  1571 | D        | Reached XP level 9. HP: 36/85 MP: 12/12
  1580 | D        | Reached skill level 10 in Armour
  1582 | D        | Killed a spriggan druid
  1583 | D        | Reached skill level 10 in Dodging
  1898 | D        | Noticed a war gargoyle
  1914 | D        | HP: 3/89 [war gargoyle (17)]
  1915 | D        | Killed from afar by a war gargoyle

Illustrated notes

Levels and vault maps discovered:
D:        pitsprint [storerooms_1, entrance_room_1, metal_vault_4, armoury_2,
          mini_pit_1, grid_room_1, main_hall_1, silver_pit, the_coven_3,
          the_vestibule_1, steel_vault_4, golden_pit, hallway_of_sentries,
          crystal_vault_6, iron_vault_2, final_vault]

Skill      XL: |  1  2  3  4  5  6  7  8  9 |
---------------+----------------------------+-----
Polearms       | 9 11 13 14 15 16 | 16.9
Fighting       | 4 6 7 10 11 | 11.1
Armour         | 3 5 7 9 10 | 10.7
Dodging        | 5 6 7 9 10 | 10.5
Invocations    | 3 4 6 |  6.0
Throwing       | |  2.0

Action                   |  1- 3 |  4- 6 |  7- 9 || total
-------------------------+-------+-------+-------++-------
Melee: Trident           |     7 |    44 |    16 ||    67
       Headbutt          |     1 |     7 |    20 ||    28
       Halberd           |       |       |    90 ||    90
Throw: Throwing net      |     2 |       |       ||     2
Invok: Heroism           |       |     1 |       ||     1
  Use: Potion            |     1 |     2 |     2 ||     5
Armor: Scale mail        |       |     5 |     1 ||     6
       Chain mail        |       |       |    33 ||    33
Dodge: Dodged            |     1 |    14 |    36 ||    51

Table legend: (Time is in decaauts)
 A = Elapsed time spent in this place.
 B = Non-inter-level travel time spent in this place.
 C = Inter-level travel time spent in this place.
 D = Time resting spent in this place.
 E = Time spent auto-exploring this place.
 F = Levels seen in this place.
 G = Mean time per level.
                   A        B        C        D        E       F      G
               +--------+--------+--------+--------+--------+-----+--------+
         Total |   1886 |   1874 |     12 |   1329 |      0 |   1 | 1886.0 |
       Dungeon |   1886 |   1874 |     12 |   1329 |      0 |   1 | 1886.0 |
               +--------+--------+--------+--------+--------+-----+--------+

Top non-repeatable levels by time:
       D: 1886 daAuts
